Workbook

Sheet 1010
C1: ЗАТВЕРДЖЕНО
C2: Наказ Міністерства фінансів України
C3: від 28.01.2002 N 57
C4: (у редакції наказу Міністерства фінансів України
C5: від 04.12.2015 №1118)
C7: Затверджений у сумі | E7: =E35 -> 176079971
C8: Сто сімдесят шість мільйонів сімдесят дев'ять тисяч дев'ятсот сімдесят одна гривня, 00 коп.
C10: (сума словами і цифрами)
C11: Заступник директора департаменту освіти і
C12: науки виконкому Криворізької міської ради
C13: (посада)
E14: Тетяна БАСОВА
C15: (підпис)
C16: 30 грудня 2022 р.
E17: М.П.
A19: КОШТОРИС
A20: на 2023 рік
A22: 02124781 Відділ освіти виконкому Саксаганської районної у місті ради
A23: (код за ЄДРПОУ та найменування бюджетної установи)
A24: м. Кривий Ріг Дніпропетровської області
A25: (найменування міста, району, області)
A26: Вид бюджету МІСЬКИЙ
A27: код та назва відомчої класифікації видатків та кредитування бюджету | B27: 06 | C27: "Департамент освіти і науки"
A28: код та назва програмної класифікації видатків та кредитування державного бюджету
A29: (код та назва програмної класифікації видатків та кредитування місцевих бюджетів (код та назва Типової програмної класифікації видатків та
A30: кредитування місцевих бюджетів * | B30: 0611010 Надання дошкільної освіти)
E31: (грн)
A32: Найменування | C32: Усього на рік | E32: РАЗОМ
B33: Код | C33: Загальний фонд | D33: Спеціальний фонд
A34: 1 | B34: 2 | C34: 3 | D34: 4 | E34: 5
A35: НАДХОДЖЕННЯ - усього | B35: х | C35: 171775546 | D35: =D38+D43+D50 -> 4304425 | E35: =C35+D35 -> 176079971
A36: Надходження коштів із загального фонду бюджету | B36: х | C36: 171775546 | D36: х | E36: =C36 -> 171775546
A37: Надходження коштів із спеціального фонду бюджету, у тому числі: | B37: х | C37: х | D37: =D38+D43+D49 -> 4304425 | E37: =E38+E43+E49 -> 4304425
A38: надходження від плати за послуги, що надаються бюджетними установами згідно із законодавством | B38: 25010000 | C38: х | D38: =D39+D40+D41+D42 -> 4304425 | E38: =E39+E40+E41+E42 -> 4304425
A39: Плата за послуги, що надаються бюджетними установами згідно з їх основною діяльністю | B39: 25010100 | C39: х | D39: 3849946 | E39: =D39 -> 3849946
A40: Надходження бюджетних установ від додаткової (господарської) діяльності | B40: 25010200 | C40: х | D40: 423076 | E40: =D40 -> 423076
A41: Плата за оренду майна бюджетних установ, що здійснюється відповідно до Закону України " Про оренду державного та комунального майна" | B41: 25010300 | C41: х | D41: 13150 | E41: =D41 -> 13150
A42: Надходження бюджетних установ від реалізації в установленому порядку майна (крім нерухомого майна) | B42: 25010400 | C42: х | D42: 18253 | E42: =D42 -> 18253
A43: інші джерела власних надходжень бюджетних установ | B43: 25020000 | C43: х | D43: =D44+D45 -> 0 | E43: =E44+E45 -> 0
A44: Благодійні внески, гранти та дарунки | B44: 25020100 | C44: х | D44: 0 | E44: =E45+E47 -> 0
A45: Надходження, що отримують бюджетні установи від підприємств, організацій, фізичних осіб та від інших бюджетних установ для виконання цільових заходів, у тому числі заходів з відчуження для суспільних потреб земельних ділянок та розміщених на них інших об'єктів нерухомого майна, що перебувають у приватній власності фізичних або юридичних осіб | B45: 25020200 | C45: х | D45: 0 | E45: 0
A46: Надходження, що отримують державні і комунальні заклади професійної (професійно-технічної), фахової передвищої та вищої освіти від розміщення на депозитах тимчасово вільних бюджетних коштів, отриманих за надання платних послуг, якщо таким закладам законом надано відповідне право; надходження, що отримують державні і комунальні заклади фахової передвищої та вищої освіти, наукові установи та заклади культури як відсотки, нараховані на залишок коштів на поточних рахунках, відкритих у банках державного сектору для розміщення власних надходжень, отриманих як плата за послуги, що надаються ними згідно з основною діяльністю, благодійні внески та гранти | B46: 25020300 | C46: х | D46: 0 | E46: 0
A47: інші надходження, у тому числі: | C47: х | D47: 0 | E47: 0
A48: інші доходи (розписати за кодами класифікації доходів бюджету) | C48: х | D48: 0 | E48: 0
A49: фінансування (розписати за кодами класифікації фінансування бюджету за типом боргового зобов'язання) | C49: х | D49: 0 | E49: 0
A50: Фінансування за активними операціями | B50: 600000 | C50: х | D50: =D51 -> 0 | E50: =E51 -> 0
A51: Кошти, що передаються із загального фонду бюджету до бюджету розвитку (спеціального фонду) | B51: 602400 | C51: х | E51: =D51 -> 0
A52: повернення кредитів до бюджету (розписати за кодами програмної класифікації видатків та кредитування бюджету, класифікації кредитування бюджету) | C52: х
C53: х | D53: ** | E53: **
A54: ВИДАТКИ ТА НАДАННЯ КРЕДИТІВ - усього | B54: х | C54: 171775546 | D54: =D55+D91 -> 4304425 | E54: =SUM(C54:D54) -> 176079971
A55: Поточні видатки | B55: 2000 | C55: 171775546 | D55: =D58+D61+D62+D79+D82+D86+D90 -> 4304425 | E55: =SUM(C55:D55) -> 176079971
A56: Оплата праці і нарахування на заробітну плату | B56: 2100 | C56: 134196223 | D56: =D57+D61 -> 0 | E56: =SUM(C56:D56) -> 134196223
A57: Оплата праці | B57: 2110 | C57: 109996904 | D57: =D58+D59 -> 0 | E57: =C57+D57 -> 109996904
A58: Заробітна плата | B58: 2111 | C58: 109996904 | D58: 0 | E58: =C58+D58 -> 109996904
A59: Грошове забезпечення військовослужбовців | B59: 2112 | C59: 0 | D59: 0 | E59: =C59+D59 -> 0
A60: Суддівська винагорода | B60: 2113 | C60: 0 | D60: 0 | E60: 0
A61: Нарахування на оплату праці | B61: 2120 | C61: 24199319 | E61: =C61+D61 -> 24199319
A62: Використання товарів і послуг | B62: 2200 | C62: 37579323 | D62: =D63+D64+D65+D66+D67+D68+D69+D76 -> 4301425 | E62: =E63+E64+E65+E66+E67+E68+E69+E76 -> 41880748
A63: Предмети, матеріали, обладнання та інвентар | B63: 2210 | C63: 400340 | D63: 28403 | E63: =C63+D63 -> 428743
A64: Медикаменти та перев'язувальні матеріали | B64: 2220 | C64: 886815 | D64: 0 | E64: =C64+D64 -> 886815
A65: Продукти харчування | B65: 2230 | C65: 5961008 | D65: 4273022 | E65: =C65+D65 -> 10234030
A66: Оплата послуг (крім комунальних) | B66: 2240 | C66: 1472508 | D66: 0 | E66: =C66+D66 -> 1472508
A67: Видатки на відрядження | B67: 2250 | C67: 0 | D67: 0 | E67: =C67+D67 -> 0
A68: Видатки та заходи спеціального призначення | B68: 2260 | C68: 0 | D68: 0 | E68: =C68+D68 -> 0
A69: Оплата комунальних послуг та енергоносіїв | B69: 2270 | C69: 28858652 | D69: =D70+D71+D72+D73+D74 -> 0 | E69: =C69+D69 -> 28858652
A70: Оплата теплопостачання | B70: 2271 | C70: 19424773 | D70: =D71+D72+D73+D74+D75 -> 0 | E70: =C70+D70 -> 19424773
A71: Оплата водопостачання та водовідведення | B71: 2272 | C71: 1176647 | D71: =D72+D73+D74+D75+D76 -> 0 | E71: =C71+D71 -> 1176647
A72: Оплата електроенергії | B72: 2273 | C72: 7695076 | D72: =D73+D74+D75+D76+D77 -> 0 | E72: =C72+D72 -> 7695076
A73: Оплата природного газу | B73: 2274 | C73: 0 | E73: =C73+D73 -> 0
A74: Оплата інших енергоносіїв та інших комунальних послуг | B74: 2275 | C74: 562156 | E74: =C74+D74 -> 562156
A75: Оплата енергосервісу | B75: 2276 | C75: 0
A76: Дослідження і розробки, окремі заходи по реалізації державних (регіональних) програм | B76: 2280 | C76: 0 | D76: =D77+D78 -> 0 | E76: =E77+E78 -> 0
A77: Дослідження і розробки, окремі заходи розвитку по реалізації державних (регіональних) програм | B77: 2281 | E77: =E78+E79 -> 0
A78: Окремі заходи по реалізації державних (регіональних) програм, не віднесені до заходів розвитку | B78: 2282 | C78: 0 | D78: 0 | E78: =E79+E80 -> 0
A79: Обслуговування боргових зобов'язань | B79: 2400 | C79: 0 | D79: =D80+D81 -> 0 | E79: =E80+E81 -> 0
A80: Обслуговування внутрішніх боргових зобов'язань | B80: 2410
A81: Обслуговування зовнішніх боргових зобов'язань | B81: 2420
A82: Поточні трансферти | B82: 2600 | C82: 0 | D82: =D83+D84+D85 -> 0 | E82: =E83+E84+E85 -> 0
A83: Субсидії та поточні трансферти підприємствам (установам, організаціям) | B83: 2610
A84: Поточні трансферти органам державного управління інших рівнів | B84: 2620
A85: Поточні трансферти урядам іноземних держав та міжнародним організаціям | B85: 2630
A86: Соціальне забезпечення | B86: 2700 | C86: 0 | D86: =D87+D88+D89 -> 0 | E86: =E87+E88+E89 -> 0
A87: Виплата пенсій і допомоги | B87: 2710
A88: Стипендії | B88: 2720
A89: Інші виплати населенню | B89: 2730
A90: Інші поточні видатки | B90: 2800 | C90: 0 | D90: 3000 | E90: =C90+D90 -> 3000
A91: Капітальні видатки | B91: 3000 | C91: 0 | D91: =D92+D106 -> 0 | E91: =E92+E106 -> 0
A92: Придбання основного капіталу | B92: 3100 | C92: 0 | D92: =D93+D94+D97+D100+D104+D105 -> 0 | E92: =E93+E94+E97+E100+E104+E105 -> 0
A93: Придбання обладнання і предметів довгострокового користування | B93: 3110 | C93: 0 | E93: =C93+D93 -> 0
A94: Капітальне будівництво (придбання) | B94: 3120 | C94: 0 | D94: 0 | E94: 0
A95: Капітальне будівництво (придбання) житла | B95: 3121
A96: Капітальне будівництво (придбання) інших об'єктів | B96: 3122
A97: Капітальний ремонт | B97: 3130 | C97: 0 | D97: =D98+D99 -> 0 | E97: =E98+E99 -> 0
A98: Капітальний ремонт житлового фонду (приміщень) | B98: 3131
A99: Капітальний ремонт інших об'єктів | B99: 3132
A100: Реконструкція та реставрація | B100: 3140 | C100: 0 | D100: 0 | E100: 0
A101: Реконструкція житлового фонду (приміщень) | B101: 3141
A102: Реконструкція та реставрація інших об'єктів | B102: 3142
A103: Реставрація пам'яток культури, історії та архітектури | B103: 3143
A104: Створення державних запасів і резервів | B104: 3150 | C104: 0 | D104: 0 | E104: 0
...

Sheet 1070
C1: ЗАТВЕРДЖЕНО
C2: Наказ Міністерства фінансів України
C3: від 28.01.2002 N 57
C4: (у редакції наказу Міністерства фінансів України
C5: від 04.12.2015 №1118)
C7: Затверджений у сумі | E7: =E35 -> 17315217
C8: Сімнадцять мільйонів триста п'ятнадцять тисяч двісті сімнадцять гривень, 00 коп.
C10: (сума словами і цифрами)
C11: Заступник директора департаменту освіти і
C12: науки виконкому Криворізької міської ради
C13: (посада)
E14: Тетяна БАСОВА
C15: підпис
C16: 30 грудня 2022 р.
E17: М.П.
A19: КОШТОРИС
A20: на 2023 рік
A22: 02124781 Відділ освіти виконкому Саксаганської районної у місті ради
A23: (код за ЄДРПОУ та найменування бюджетної установи)
A24: м. Кривий Ріг Дніпропетровської області
A25: (найменування міста, району, області)
A26: Вид бюджету МІСЬКИЙ
A27: код та назва відомчої класифікації видатків та кредитування бюджету | B27: 06 | C27: "Департамент освіти і науки"
A28: код та назва програмної класифікації видатків та кредитування державного бюджету
A29: (код та назва програмної класифікації видатків та кредитування місцевих бюджетів (код та назва Типової програмної класифікації видатків та
A30: кредитування місцевих бюджетів * 0611070 Надання позашкільної освіти закладами позашкільної світи, заходи із позашкільної роботи з дітьми)
E31: (грн)
A32: Найменування | C32: Усього на рік | E32: РАЗОМ
B33: Код | C33: Загальний фонд | D33: Спеціальний фонд
A34: 1 | B34: 2 | C34: 3 | D34: 4 | E34: 5
A35: НАДХОДЖЕННЯ - усього | B35: х | C35: 17248129 | D35: =D38+D43+D47+D51 -> 67088 | E35: =C35+D35 -> 17315217
A36: Надходження коштів із загального фонду бюджету | B36: х | C36: 17248129 | D36: х | E36: =C36 -> 17248129
A37: Надходження коштів із спеціального фонду бюджету, у тому числі: | B37: х | C37: х | D37: =D38+D43+D47 -> 67088 | E37: =E38+E43+E51 -> 67088
A38: надходження від плати за послуги, що надаються бюджетними установами згідно із законодавством | B38: 25010000 | C38: х | D38: =D39+D40+D41+D42 -> 67088 | E38: =E39+E40+E41+E42 -> 67088
A39: Плата за послуги, що надаються бюджетними установами згідно з їх основною діяльністю | B39: 25010100 | C39: х | D39: 0 | E39: =D39 -> 0
A40: Надходження бюджетних установ від додаткової (господарської) діяльності | B40: 25010200 | C40: х | D40: 0 | E40: =D40 -> 0
A41: =[1]Кош.101!A41 -> Плата за оренду майна бюджетних установ, що здійснюється відповідно до Закону України " Про оренду державного та комунального майна" | B41: 25010300 | C41: х | D41: 67088 | E41: =D41 -> 67088
A42: Надходження бюджетних установ від реалізації в установленому порядку майна (крім нерухомого майна) | B42: 25010400 | C42: х | E42: =D42 -> 0
A43: інші джерела власних надходжень бюджетних установ | B43: 25020000 | C43: х | D43: =D44+D45 -> 0 | E43: =E44+E45 -> 0
A44: Благодійні внески, гранти та дарунки | B44: 25020100 | C44: х
A45: Надходження, що отримують бюджетні установи від підприємств, організацій, фізичних осіб та від інших бюджетних установ для виконання цільових заходів, у тому числі заходів з відчуження для суспільних потреб земельних ділянок та розміщених на них інших об'єктів нерухомого майна, що перебувають у приватній власності фізичних або юридичних осіб | B45: 25020200 | C45: х | D45: 0 | E45: 0
A46: Надходження, що отримують державні і комунальні заклади професійної (професійно-технічної), фахової передвищої та вищої освіти від розміщення на депозитах тимчасово вільних бюджетних коштів, отриманих за надання платних послуг, якщо таким закладам законом надано відповідне право; надходження, що отримують державні і комунальні заклади фахової передвищої та вищої освіти, наукові установи та заклади культури як відсотки, нараховані на залишок коштів на поточних рахунках, відкритих у банках державного сектору для розміщення власних надходжень, отриманих як плата за послуги, що надаються ними згідно з основною діяльністю, благодійні внески та гранти | B46: 25020300 | C46: х
A47: інші надходження, у тому числі: | C47: х | D47: =D48 -> 0 | E47: =E48 -> 0
A48: інші доходи (розписати за кодами класифікації доходів бюджету) | C48: х
A49: фінансування (розписати за кодами класифікації фінансування бюджету за типом боргового зобов'язання) | C49: х
A50: Фінансування за активними операціями | B50: 600000 | C50: х | D50: =D51 -> 0 | E50: =E51 -> 0
A51: Кошти, що передаються із загального фонду бюджету до бюджету розвитку (спеціального фонду) | B51: 602400 | C51: х
A52: повернення кредитів до бюджету (розписати за кодами програмної класифікації видатків та кредитування бюджету, класифікації кредитування бюджету) | C52: х
C53: х | D53: ** | E53: **
A54: ВИДАТКИ ТА НАДАННЯ КРЕДИТІВ - усього | B54: х | C54: 17248129 | D54: =D55+D91 -> 67088 | E54: =SUM(C54:D54) -> 17315217
A55: Поточні видатки | B55: 2000 | C55: 17248129 | D55: =D58+D61+D62+D79+D82+D86+D90 -> 67088 | E55: =SUM(C55:D55) -> 17315217
A56: Оплата праці і нарахування на заробітну плату | B56: 2100 | C56: 13846758 | D56: =D57+D61 -> 0 | E56: =SUM(C56:D56) -> 13846758
A57: Оплата праці | B57: 2110 | C57: 11349802 | D57: =D58+D61 -> 0 | E57: =SUM(C57:D57) -> 11349802
A58: Заробітна плата | B58: 2111 | C58: 11349802 | D58: 0 | E58: =C58+D58 -> 11349802
A59: Грошове забезпечення військовослужбовців | B59: 2112 | C59: 0 | D59: 0 | E59: 0
A60: Суддівська винагорода | B60: 2113 | C60: 0 | D60: 0 | E60: 0
A61: Нарахування на оплату праці | B61: 2120 | C61: 2496956 | D61: 0 | E61: =C61+D61 -> 2496956
A62: Використання товарів і послуг | B62: 2200 | C62: 3401371 | D62: =D63+D64+D65+D66+D67+D68+D69+D78 -> 60088 | E62: =C62+D62 -> 3461459
A63: Предмети, матеріали, обладнання та інвентар | B63: 2210 | C63: 69730 | D63: 35088 | E63: =C63+D63 -> 104818
A64: Медикаменти та перев'язувальні матеріали | B64: 2220 | C64: 20000 | D64: 0 | E64: =C64+D64 -> 20000
A65: Продукти харчування | B65: 2230 | C65: 0 | D65: 0 | E65: =C65+D65 -> 0
A66: Оплата послуг (крім комунальних) | B66: 2240 | C66: 211670 | D66: 25000 | E66: =C66+D66 -> 236670
A67: Видатки на відрядження | B67: 2250 | C67: 950 | D67: 0 | E67: =C67+D67 -> 950
A68: Видатки та заходи спеціального призначення | B68: 2260 | C68: 0 | D68: 0 | E68: =C68+D68 -> 0
A69: Оплата комунальних послуг та енергоносіїв | B69: 2270 | C69: 3099021 | D69: =D70+D71+D72+D73+D74 -> 0 | E69: =E70+E71+E72+E73+E74 -> 3099021
A70: Оплата теплопостачання | B70: 2271 | C70: 2839933 | E70: =C70+D70 -> 2839933
A71: Оплата водопостачання та водовідведення | B71: 2272 | C71: 32987 | E71: =C71+D71 -> 32987
A72: Оплата електроенергії | B72: 2273 | C72: 151095 | E72: =C72+D72 -> 151095
A73: Оплата природного газу | B73: 2274 | C73: 0 | E73: =C73+D73 -> 0
A74: Оплата інших енергоносіїв та інших комунальних послуг | B74: 2275 | C74: 75006 | E74: =C74+D74 -> 75006
A75: Оплата енергосервісу | B75: 2276 | C75: 0
A76: Дослідження і розробки, окремі заходи по реалізації державних (регіональних) програм | B76: 2280 | C76: 0 | D76: =D77+D78 -> 0 | E76: =E77+E78 -> 0
A77: Дослідження і розробки, окремі заходи розвитку по реалізації державних (регіональних) програм | B77: 2281 | C77: 0
A78: Окремі заходи по реалізації державних (регіональних) програм, не віднесені до заходів розвитку | B78: 2282 | C78: 0 | D78: 0 | E78: =E79+E80 -> 0
A79: Обслуговування боргових зобов'язань | B79: 2400 | C79: 0 | D79: =D80+D81 -> 0 | E79: =E80+E81 -> 0
A80: Обслуговування внутрішніх боргових зобов'язань | B80: 2410
A81: Обслуговування зовнішніх боргових зобов'язань | B81: 2420
A82: Поточні трансферти | B82: 2600 | C82: 0 | D82: =D83+D84+D85 -> 0 | E82: =E83+E84+E85 -> 0
A83: Субсидії та поточні трансферти підприємствам (установам, організаціям) | B83: 2610
A84: Поточні трансферти органам державного управління інших рівнів | B84: 2620
A85: Поточні трансферти урядам іноземних держав та міжнародним організаціям | B85: 2630
A86: Соціальне забезпечення | B86: 2700 | C86: 0 | D86: =D87+D88+D89 -> 0 | E86: =E87+E88+E89 -> 0
A87: Виплата пенсій і допомоги | B87: 2710
A88: Стипендії | B88: 2720
A89: Інші виплати населенню | B89: 2730
A90: Інші поточні видатки | B90: 2800 | C90: 0 | D90: 7000 | E90: =C90+D90 -> 7000
A91: Капітальні видатки | B91: 3000 | C91: 0 | D91: =D92+D106 -> 0 | E91: =C91+D91 -> 0
A92: Придбання основного капіталу | B92: 3100 | C92: 0 | D92: =D93+D94+D97+D100+D104+D105 -> 0 | E92: =C92+D92 -> 0
A93: Придбання обладнання і предметів довгострокового користування | B93: 3110 | C93: 0 | D93: 0 | E93: =C93+D93 -> 0
A94: Капітальне будівництво (придбання) | B94: 3120
A95: Капітальне будівництво (придбання) житла | B95: 3121
A96: Капітальне будівництво (придбання) інших об'єктів | B96: 3122
A97: Капітальний ремонт | B97: 3130
A98: Капітальний ремонт житлового фонду (приміщень) | B98: 3131
A99: Капітальний ремонт інших об'єктів | B99: 3132
A100: Реконструкція та реставрація | B100: 3140
A101: Реконструкція житлового фонду (приміщень) | B101: 3141
A102: Реконструкція та реставрація інших об'єктів | B102: 3142
A103: Реставрація пам'яток культури, історії та архітектури | B103: 3143
A104: Створення державних запасів і резервів | B104: 3150
...

Sheet 7520
C1: ЗАТВЕРДЖЕНО
C2: Наказ Міністерства фінансів України
C3: від 28.01.2002 N 57
C4: (у редакції наказу Міністерства фінансів України
C5: від 04.12.2015 №1118)
C7: Затверджений у сумі | E7: =E35 -> 460000
C8: Чотириста шістдесят тисяч гривень, 00 коп.
C10: (сума словами і цифрами)
C11: Заступник директора департаменту освіти і
C12: науки виконкому Криворізької міської ради
C13: (посада)
E14: Тетяна БАСОВА
C15: підпис
C16: 30 грудня 2022 р.
E17: М.П.
A19: КОШТОРИС
A20: на 2023 рік
A22: 02124781 Відділ освіти виконкому Саксаганської районної у місті ради
A23: (код за ЄДРПОУ та найменування бюджетної установи)
A24: м. Кривий Ріг Дніпропетровської області
A25: (найменування міста, району, області)
A26: Вид бюджету МІСЬКИЙ
A27: код та назва відомчої класифікації видатків та кредитування бюджету | B27: 06 | C27: "Департамент освіти і науки"
A28: код та назва програмної класифікації видатків та кредитування державного бюджету
A29: (код та назва програмної класифікації видатків та кредитування місцевих бюджетів (код та назва Типової програмної класифікації видатків та
A30: кредитування місцевих бюджетів)* | B30: 0617520 Реалізація Національної програми інформатизації)
E31: (грн)
A32: Найменування | C32: Усього на рік | E32: РАЗОМ
B33: Код | C33: Загальний фонд | D33: Спеціальний фонд
A34: 1 | B34: 2 | C34: 3 | D34: 4 | E34: 5
A35: НАДХОДЖЕННЯ - усього | B35: х | C35: =C36 -> 460000 | D35: =D38+D43+D47+D51 -> 0 | E35: =C35+D35 -> 460000
A36: Надходження коштів із загального фонду бюджету | B36: х | C36: =C54 -> 460000 | D36: х | E36: =C36 -> 460000
A37: Надходження коштів із спеціального фонду бюджету, у тому числі: | B37: х | C37: х | D37: =D38+D43+D49 -> 0 | E37: =E38+E43+E49 -> 0
A38: надходження від плати за послуги, що надаються бюджетними установами згідно із законодавством | B38: 25010000 | C38: х | D38: =D39+D40+D41+D42 -> 0 | E38: =E39+E40+E41+E42 -> 0
A39: Плата за послуги, що надаються бюджетними установами згідно з їх основною діяльністю | B39: 25010100 | C39: х | E39: =D39 -> 0
A40: Надходження бюджетних установ від додаткової (господарської) діяльності | B40: 25010200 | C40: х | E40: =D40 -> 0
A41: =[1]Кош.101!A41 -> Плата за оренду майна бюджетних установ, що здійснюється відповідно до Закону України " Про оренду державного та комунального майна" | B41: 25010300 | C41: х | E41: =D41 -> 0
A42: Надходження бюджетних установ від реалізації в установленому порядку майна (крім нерухомого майна) | B42: 25010400 | C42: х | E42: =D42 -> 0
A43: інші джерела власних надходжень бюджетних установ | B43: 25020000 | C43: х | D43: =D44+D45 -> 0 | E43: =E44+E45 -> 0
A44: Благодійні внески, гранти та дарунки | B44: 25020100 | C44: х | D44: 0 | E44: =E45+E47 -> 0
A45: =[1]Кош.101!A45 -> Надходження, що отримують бюджетні установи від підприємств, організацій, фізичних осіб та від інших бюджетних установ для виконання цільових заходів, у тому числі заходів з відчуження для суспільних потреб земельних ділянок та розміщених на них інших об'єктів нерухомого майна, що перебувають у приватній власності фізичних або юридичних осіб | B45: 25020200 | C45: х | D45: 0 | E45: 0
A46: =[1]Кош.101!A46 -> Надходження, що отримують державні і комунальні заклади професійної (професійно-технічної), фахової передвищої та вищої освіти від розміщення на депозитах тимчасово вільних бюджетних коштів, отриманих за надання платних послуг, якщо таким закладам законом надано відповідне право; надходження, що отримують державні і комунальні заклади фахової передвищої та вищої освіти, наукові установи та заклади культури як відсотки, нараховані на залишок коштів на поточних рахунках, відкритих у банках державного сектору для розміщення власних надходжень, отриманих як плата за послуги, що надаються ними згідно з основною діяльністю, благодійні внески та гранти | B46: 25020300 | C46: х | D46: 0 | E46: 0
A47: інші надходження, у тому числі: | C47: х | D47: 0 | E47: 0
A48: інші доходи (розписати за кодами класифікації доходів бюджету) | C48: х | D48: 0 | E48: 0
A49: фінансування (розписати за кодами класифікації фінансування бюджету за типом боргового зобов'язання) | C49: х | D49: 0 | E49: 0
A50: Фінансування за активними операціями | B50: 600000 | C50: х | D50: =D51 -> 0 | E50: =E51 -> 0
A51: Кошти, що передаються із загального фонду бюджету до бюджету розвитку (спеціального фонду) | B51: 602400 | C51: х | E51: =D51 -> 0
A52: повернення кредитів до бюджету (розписати за кодами програмної класифікації видатків та кредитування бюджету, класифікації кредитування бюджету) | C52: х
C53: х | D53: ** | E53: **
A54: ВИДАТКИ ТА НАДАННЯ КРЕДИТІВ - усього | B54: х | C54: =C55+C91 -> 460000 | D54: =D55+D91 -> 0 | E54: =SUM(C54:D54) -> 460000
A55: Поточні видатки | B55: 2000 | C55: =C58+C61+C62+C79+C82+C86+C90 -> 460000 | D55: =D58+D61+D62+D79+D82+D86+D90 -> 0 | E55: =SUM(C55:D55) -> 460000
A56: Оплата праці і нарахування на заробітну плату | B56: 2100 | C56: =C57+C61 -> 0 | D56: =D57+D61 -> 0 | E56: =SUM(C56:D56) -> 0
A57: Оплата праці | B57: 2110 | C57: =C58+C59 -> 0 | E57: =C57+D57 -> 0
A58: Заробітна плата | B58: 2111 | C58: 0 | E58: =C58+D58 -> 0
A59: Грошове забезпечення військовослужбовців | B59: 2112 | C59: 0 | E59: =C59+D59 -> 0
A60: Суддівська винагорода | B60: 2113 | C60: 0 | E60: 0
A61: Нарахування на оплату праці | B61: 2120 | C61: 0 | E61: =C61+D61 -> 0
A62: Використання товарів і послуг | B62: 2200 | C62: =C63+C64+C65+C66+C67+C68+C69+C76 -> 460000 | D62: =D63+D64+D65+D66+D67+D68+D69+D76 -> 0 | E62: =E63+E64+E65+E66+E67+E68+E69+E76 -> 460000
A63: Предмети, матеріали, обладнання та інвентар | B63: 2210 | C63: =[1]Ас.7520!O40 -> 0 | E63: =C63+D63 -> 0
A64: Медикаменти та перев'язувальні матеріали | B64: 2220 | C64: =[1]Ас.7520!O41 -> 0 | D64: 0 | E64: =C64+D64 -> 0
A65: Продукти харчування | B65: 2230 | C65: =[1]Ас.7520!O42 -> 0 | E65: =C65+D65 -> 0
A66: Оплата послуг (крім комунальних) | B66: 2240 | C66: =[1]Ас.7520!O43 -> 460000 | D66: 0 | E66: =C66+D66 -> 460000
A67: Видатки на відрядження | B67: 2250 | C67: =[1]Ас.7520!O44 -> 0 | D67: 0 | E67: =C67+D67 -> 0
A68: Видатки та заходи спеціального призначення | B68: 2260 | C68: =[1]Ас.7520!O45 -> 0 | D68: 0 | E68: =C68+D68 -> 0
A69: Оплата комунальних послуг та енергоносіїв | B69: 2270 | C69: =[1]Ас.7520!O46 -> 0 | D69: =D70+D71+D72+D73+D74 -> 0 | E69: =C69+D69 -> 0
A70: Оплата теплопостачання | B70: 2271 | C70: =[1]Ас.7520!O47 -> 0 | E70: =C70+D70 -> 0
A71: Оплата водопостачання та водовідведення | B71: 2272 | C71: =[1]Ас.7520!O48 -> 0 | E71: =C71+D71 -> 0
A72: Оплата електроенергії | B72: 2273 | C72: =[1]Ас.7520!O49 -> 0 | E72: =C72+D72 -> 0
A73: Оплата природного газу | B73: 2274 | C73: =[1]Ас.7520!O50 -> 0 | E73: =C73+D73 -> 0
A74: Оплата інших енергоносіїв та інших комунальних послуг | B74: 2275 | C74: =[1]Ас.7520!O51 -> 0 | E74: =C74+D74 -> 0
A75: Оплата енергосервісу | B75: 2276 | C75: =[1]Ас.7520!O52 -> 0
A76: Дослідження і розробки, окремі заходи по реалізації державних (регіональних) програм | B76: 2280 | C76: =[1]Ас.7520!O53 -> 0 | D76: =D77+D78 -> 0 | E76: =E77+E78 -> 0
A77: Дослідження і розробки, окремі заходи розвитку по реалізації державних (регіональних) програм | B77: 2281 | C77: =[1]Ас.7520!O54 -> 0 | E77: =E78+E79 -> 0
A78: Окремі заходи по реалізації державних (регіональних) програм, не віднесені до заходів розвитку | B78: 2282 | C78: =[1]Ас.7520!O55 -> 0 | D78: 0 | E78: =E79+E80 -> 0
A79: Обслуговування боргових зобов'язань | B79: 2400 | C79: =[1]Ас.7520!O56 -> 0 | D79: =D80+D81 -> 0 | E79: =E80+E81 -> 0
A80: Обслуговування внутрішніх боргових зобов'язань | B80: 2410
A81: Обслуговування зовнішніх боргових зобов'язань | B81: 2420
A82: Поточні трансферти | B82: 2600 | C82: =C83+C84+C85 -> 0 | D82: =D83+D84+D85 -> 0 | E82: =E83+E84+E85 -> 0
A83: Субсидії та поточні трансферти підприємствам (установам, організаціям) | B83: 2610
A84: Поточні трансферти органам державного управління інших рівнів | B84: 2620
A85: Поточні трансферти урядам іноземних держав та міжнародним організаціям | B85: 2630
A86: Соціальне забезпечення | B86: 2700 | C86: =C87+C88+C89 -> 0 | D86: =D87+D88+D89 -> 0 | E86: =E87+E88+E89 -> 0
A87: Виплата пенсій і допомоги | B87: 2710
A88: Стипендії | B88: 2720
A89: Інші виплати населенню | B89: 2730
A90: Інші поточні видатки | B90: 2800 | C90: 0 | D90: 0 | E90: =C90+D90 -> 0
A91: Капітальні видатки | B91: 3000 | C91: =C92+C106 -> 0 | D91: =D92+D106 -> 0 | E91: =E92+E106 -> 0
A92: Придбання основного капіталу | B92: 3100 | C92: =C93+C94+C97+C100+C104+C105 -> 0 | D92: =D93 -> 0 | E92: =E93+E94+E97+E100+E104+E105 -> 0
A93: Придбання обладнання і предметів довгострокового користування | B93: 3110 | C93: 0 | E93: =C93+D93 -> 0
A94: Капітальне будівництво (придбання) | B94: 3120 | C94: 0 | D94: 0 | E94: 0
A95: Капітальне будівництво (придбання) житла | B95: 3121
A96: Капітальне будівництво (придбання) інших об'єктів | B96: 3122
A97: Капітальний ремонт | B97: 3130 | C97: =C98+C99 -> 0 | D97: =D98+D99 -> 0 | E97: =E98+E99 -> 0
A98: Капітальний ремонт житлового фонду (приміщень) | B98: 3131
A99: Капітальний ремонт інших об'єктів | B99: 3132
A100: Реконструкція та реставрація | B100: 3140 | C100: 0 | D100: 0 | E100: 0
A101: Реконструкція житлового фонду (приміщень) | B101: 3141
A102: Реконструкція та реставрація інших об'єктів | B102: 3142
A103: Реставрація пам'яток культури, історії та архітектури | B103: 3143
A104: Створення державних запасів і резервів | B104: 3150 | C104: 0 | D104: 0 | E104: 0
...

Sheet 1010-22
C1: ЗАТВЕРДЖЕНО
C2: Наказ Міністерства фінансів України
C3: від 28.01.2002 N 57
C4: (у редакції наказу Міністерства фінансів України
C5: від 04.12.2015 №1118)
C7: Затверджений у сумі | E7: =E35 -> 243670366
C8: Двісті сорок три мільйони шістсот сімдесят тисяч триста шістдесят шість гривень, 00 коп.
C10: (сума словами і цифрами)
C11: Директор департаменту освіти і науки
C12: виконкому Криворізької міської ради
C13: (посада)
E14: Тетяна КРІПАК
C15: (підпис)
C16: 04 січня 2022 р.
E17: М.П.
A19: КОШТОРИС
A20: на 2022 рік
A22: 02124781 Відділ освіти виконкому Саксаганської районної у місті ради
A23: (код за ЄДРПОУ та найменування бюджетної установи)
A24: м. Кривий Ріг Дніпропетровської області
A25: (найменування міста, району, області)
A26: Вид бюджету МІСЬКИЙ
A27: код та назва відомчої класифікації видатків та кредитування бюджету | B27: 06 | C27: "Орган з питань освіти і науки"
A28: код та назва програмної класифікації видатків та кредитування державного бюджету
A29: (код та назва програмної класифікації видатків та кредитування місцевих бюджетів (код та назва Типової програмної класифікації видатків та
A30: кредитування місцевих бюджетів * | B30: 0611010 Надання дошкільної освіти)
E31: (грн)
A32: Найменування | C32: Усього на рік | E32: РАЗОМ
B33: Код | C33: Загальний фонд | D33: Спеціальний фонд
A34: 1 | B34: 2 | C34: 3 | D34: 4 | E34: 5
A35: НАДХОДЖЕННЯ - усього | B35: х | C35: 234736383 | D35: =D38+D43+D50 -> 8933983 | E35: =C35+D35 -> 243670366
A36: Надходження коштів із загального фонду бюджету | B36: х | C36: 234736383 | D36: х | E36: =C36 -> 234736383
A37: Надходження коштів із спеціального фонду бюджету, у тому числі: | B37: х | C37: х | D37: =D38+D43+D49 -> 8873883 | E37: =E38+E43+E49 -> 8873883
A38: Надходження від плати за послуги, що надаються бюджетними установами згідно із законодавством | B38: 25010000 | C38: х | D38: =D39+D40+D41+D42 -> 8873883 | E38: =E39+E40+E41+E42 -> 8873883
A39: Плата за послуги, що надаються бюджетними установами згідно з їх основною діяльністю | B39: 25010100 | C39: х | D39: 7973103 | E39: =D39 -> 7973103
A40: Надходження бюджетних установ від додаткової (господарської) діяльності | B40: 25010200 | C40: х | D40: 881280 | E40: =D40 -> 881280
A41: Плата за оренду майна бюджетних установ, що здійснюється відповідно до Закону України " Про оренду державного та комунального майна" | B41: 25010300 | C41: х | D41: 10000 | E41: =D41 -> 10000
A42: Надходження бюджетних установ від реалізації в установленому порядку майна (крім нерухомого майна) | B42: 25010400 | C42: х | D42: 9500 | E42: =D42 -> 9500
A43: Інші джерела власних надходжень бюджетних установ | B43: 25020000 | C43: х | D43: =D44+D45 -> 0 | E43: =E44+E45 -> 0
A44: Благодійні внески, гранти та дарунки | B44: 25020100 | C44: х | D44: 0 | E44: =E45+E47 -> 0
A45: Надходження, що отримують бюджетні установи від підприємств, організацій, фізичних осіб та від інших бюджетних установ для виконання цільових заходів, у тому числі заходів з відчуження для суспільних потреб земельних ділянок та розміщених на них інших об'єктів нерухомого майна, що перебувають у приватній власності фізичних або юридичних осіб | B45: 25020200 | C45: х | D45: 0 | E45: 0
A46: Надходження, що отримують державні і комунальні заклади професійної (професійно-технічної), фахової передвищої та вищої освіти від розміщення на депозитах тимчасово вільних бюджетних коштів, отриманих за надання платних послуг, якщо таким закладам законом надано відповідне право; надходження, що отримують державні і комунальні заклади фахової передвищої та вищої освіти, наукові установи та заклади культури як відсотки, нараховані на залишок коштів на поточних рахунках, відкритих у банках державного сектору для розміщення власних надходжень, отриманих як плата за послуги, що надаються ними згідно з основною діяльністю, благодійні внески та гранти | B46: 25020300 | C46: х | D46: 0 | E46: 0
A47: інші надходження, у тому числі: | C47: х | D47: 0 | E47: 0
A48: інші доходи (розписати за кодами класифікації доходів бюджету) | C48: х | D48: 0 | E48: 0
A49: фінансування (розписати за кодами класифікації фінансування бюджету за типом боргового зобов'язання) | C49: х | D49: 0 | E49: 0
A50: Фінансування за активними операціями | B50: 600000 | C50: х | D50: =D51 -> 60100 | E50: =E51 -> 60100
A51: Кошти, що передаються із загального фонду бюджету до бюджету розвитку (спеціального фонду) | B51: 602400 | C51: х | D51: 60100 | E51: =D51 -> 60100
A52: повернення кредитів до бюджету (розписати за кодами програмної класифікації видатків та кредитування бюджету, класифікації кредитування бюджету) | C52: х
C53: х | D53: ** | E53: **
A54: ВИДАТКИ ТА НАДАННЯ КРЕДИТІВ - усього | B54: х | C54: 234736383 | D54: =D55+D91 -> 8933983 | E54: =SUM(C54:D54) -> 243670366
A55: Поточні видатки | B55: 2000 | C55: 234736383 | D55: =D58+D61+D62+D79+D82+D86+D90 -> 8873883 | E55: =SUM(C55:D55) -> 243610266
A56: Оплата праці і нарахування на заробітну плату | B56: 2100 | C56: 179489350 | D56: =D57+D61 -> 0 | E56: =SUM(C56:D56) -> 179489350
A57: Оплата праці | B57: 2110 | C57: 147122418 | D57: =D58+D59 -> 0 | E57: =C57+D57 -> 147122418
A58: Заробітна плата | B58: 2111 | C58: 147122418 | D58: 0 | E58: =C58+D58 -> 147122418
A59: Грошове забезпечення військовослужбовців | B59: 2112 | C59: 0 | D59: 0 | E59: =C59+D59 -> 0
A60: Суддівська винагорода | B60: 2113 | C60: 0 | D60: 0 | E60: 0
A61: Нарахування на оплату праці | B61: 2120 | C61: 32366932 | E61: =C61+D61 -> 32366932
A62: Використання товарів і послуг | B62: 2200 | C62: 55247033 | D62: =D63+D64+D65+D66+D67+D68+D69+D76 -> 8872383 | E62: =E63+E64+E65+E66+E67+E68+E69+E76 -> 64104760
A63: Предмети, матеріали, обладнання та інвентар | B63: 2210 | C63: 2682231 | D63: 18000 | E63: =C63+D63 -> 2700231
A64: Медикаменти та перев'язувальні матеріали | B64: 2220 | C64: 961913 | D64: 0 | E64: =C64+D64 -> 961913
A65: Продукти харчування | B65: 2230 | C65: 12113602 | D65: 8854383 | E65: =C65+D65 -> 20967985
A66: Оплата послуг (крім комунальних) | B66: 2240 | C66: 5397543 | D66: 0 | E66: =C66+D66 -> 5397543
A67: Видатки на відрядження | B67: 2250 | C67: 65405 | D67: 0 | E67: =C67+D67 -> 65405
A68: Видатки та заходи спеціального призначення | B68: 2260 | C68: 0 | D68: 0 | E68: =C68+D68 -> 0
A69: Оплата комунальних послуг та енергоносіїв | B69: 2270 | C69: 34011683 | D69: =D70+D71+D72+D73+D74 -> 0 | E69: =C69+D69 -> 34011683
A70: Оплата теплопостачання | B70: 2271 | C70: 24660669 | D70: =D71+D72+D73+D74+D75 -> 0 | E70: =C70+D70 -> 24660669
A71: Оплата водопостачання та водовідведення | B71: 2272 | C71: 1544873 | D71: =D72+D73+D74+D75+D76 -> 0 | E71: =C71+D71 -> 1544873
A72: Оплата електроенергії | B72: 2273 | C72: 6912054 | D72: =D73+D74+D75+D76+D77 -> 0 | E72: =C72+D72 -> 6912054
A73: Оплата природного газу | B73: 2274 | C73: 0 | E73: =C73+D73 -> 0
A74: Оплата інших енергоносіїв та інших комунальних послуг | B74: 2275 | C74: 407599 | E74: =C74+D74 -> 407599
A75: Оплата енергосервісу | B75: 2276 | C75: 486488
A76: Дослідження і розробки, окремі заходи по реалізації державних (регіональних) програм | B76: 2280 | C76: 14656 | D76: =D77+D78 -> 0 | E76: =E77+E78 -> 0
A77: Дослідження і розробки, окремі заходи розвитку по реалізації державних (регіональних) програм | B77: 2281 | E77: =E78+E79 -> 0
A78: Окремі заходи по реалізації державних (регіональних) програм, не віднесені до заходів розвитку | B78: 2282 | C78: 14656 | D78: 0 | E78: =E79+E80 -> 0
A79: Обслуговування боргових зобов'язань | B79: 2400 | C79: 0 | D79: =D80+D81 -> 0 | E79: =E80+E81 -> 0
A80: Обслуговування внутрішніх боргових зобов'язань | B80: 2410
A81: Обслуговування зовнішніх боргових зобов'язань | B81: 2420
A82: Поточні трансферти | B82: 2600 | C82: 0 | D82: =D83+D84+D85 -> 0 | E82: =E83+E84+E85 -> 0
A83: Субсидії та поточні трансферти підприємствам (установам, організаціям) | B83: 2610
A84: Поточні трансферти органам державного управління інших рівнів | B84: 2620
A85: Поточні трансферти урядам іноземних держав та міжнародним організаціям | B85: 2630
A86: Соціальне забезпечення | B86: 2700 | C86: 0 | D86: =D87+D88+D89 -> 0 | E86: =E87+E88+E89 -> 0
A87: Виплата пенсій і допомоги | B87: 2710
A88: Стипендії | B88: 2720
A89: Інші виплати населенню | B89: 2730
A90: Інші поточні видатки | B90: 2800 | C90: 0 | D90: 1500 | E90: =C90+D90 -> 1500
A91: Капітальні видатки | B91: 3000 | C91: 0 | D91: =D92+D106 -> 60100 | E91: =E92+E106 -> 60100
A92: Придбання основного капіталу | B92: 3100 | C92: 0 | D92: =D93+D94+D97+D100+D104+D105 -> 60100 | E92: =E93+E94+E97+E100+E104+E105 -> 60100
A93: Придбання обладнання і предметів довгострокового користування | B93: 3110 | C93: 0 | D93: 60100 | E93: =C93+D93 -> 60100
A94: Капітальне будівництво (придбання) | B94: 3120 | C94: 0 | D94: 0 | E94: 0
A95: Капітальне будівництво (придбання) житла | B95: 3121
A96: Капітальне будівництво (придбання) інших об'єктів | B96: 3122
A97: Капітальний ремонт | B97: 3130 | C97: 0 | D97: =D98+D99 -> 0 | E97: =E98+E99 -> 0
A98: Капітальний ремонт житлового фонду (приміщень) | B98: 3131
A99: Капітальний ремонт інших об'єктів | B99: 3132
A100: Реконструкція та реставрація | B100: 3140 | C100: 0 | D100: 0 | E100: 0
A101: Реконструкція житлового фонду (приміщень) | B101: 3141
A102: Реконструкція та реставрація інших об'єктів | B102: 3142
A103: Реставрація пам'яток культури, історії та архітектури | B103: 3143
A104: Створення державних запасів і резервів | B104: 3150 | C104: 0 | D104: 0 | E104: 0
...

Sheet 1070-22
C1: ЗАТВЕРДЖЕНО
C2: Наказ Міністерства фінансів України
C3: від 28.01.2002 N 57
C4: (у редакції наказу Міністерства фінансів України
C5: від 04.12.2015 №1118)
C7: Затверджений у сумі | E7: =E35 -> 21551300
C8: Двадцять один мільйон п'ятсот п'ятдесят одна тисяча триста гривень, 00 коп.
C10: (сума словами і цифрами)
C11: Директор департаменту освіти і науки
C12: виконкому Криворізької міської ради
C13: (посада)
E14: Тетяна КРІПАК
C15: підпис
C16: 04 січня 2022 р.
E17: М.П.
A19: КОШТОРИС
A20: на 2022 рік
A22: 02124781 Відділ освіти виконкому Саксаганської районної у місті ради
A23: (код за ЄДРПОУ та найменування бюджетної установи)
A24: м. Кривий Ріг Дніпропетровської області
A25: (найменування міста, району, області)
A26: Вид бюджету МІСЬКИЙ
A27: код та назва відомчої класифікації видатків та кредитування бюджету | B27: 06 | C27: "Орган з питань освіти і науки"
A28: код та назва програмної класифікації видатків та кредитування державного бюджету
A29: (код та назва програмної класифікації видатків та кредитування місцевих бюджетів (код та назва Типової програмної класифікації видатків та
A30: кредитування місцевих бюджетів * 0611070 Надання позашкільної освіти закладами позашкільної світи, заходи із позашкільної роботи з дітьми)
E31: (грн)
A32: Найменування | C32: Усього на рік | E32: РАЗОМ
B33: Код | C33: Загальний фонд | D33: Спеціальний фонд
A34: 1 | B34: 2 | C34: 3 | D34: 4 | E34: 5
A35: НАДХОДЖЕННЯ - усього | B35: х | C35: 21500282 | D35: =D38+D43+D47+D51 -> 51018 | E35: =C35+D35 -> 21551300
A36: Надходження коштів із загального фонду бюджету | B36: х | C36: 21500282 | D36: х | E36: =C36 -> 21500282
A37: Надходження коштів із спеціального фонду бюджету, у тому числі: | B37: х | C37: х | D37: =D38+D43+D47 -> 51018 | E37: =E38+E43+E51 -> 51018
A38: Надходження від плати за послуги, що надаються бюджетними установами згідно із законодавством | B38: 25010000 | C38: х | D38: =D39+D40+D41+D42 -> 51018 | E38: =E39+E40+E41+E42 -> 51018
A39: Плата за послуги, що надаються бюджетними установами згідно з їх основною діяльністю | B39: 25010100 | C39: х | D39: 0 | E39: =D39 -> 0
A40: Надходження бюджетних установ від додаткової (господарської) діяльності | B40: 25010200 | C40: х | D40: 0 | E40: =D40 -> 0
A41: =[2]Кош.101!A41 -> Плата за оренду майна бюджетних установ, що здійснюється відповідно до Закону України " Про оренду державного та комунального майна" | B41: 25010300 | C41: х | D41: 51018 | E41: =D41 -> 51018
A42: Надходження бюджетних установ від реалізації в установленому порядку майна (крім нерухомого майна) | B42: 25010400 | C42: х | E42: =D42 -> 0
A43: Інші джерела власних надходжень бюджетних установ | B43: 25020000 | C43: х | D43: =D44+D45 -> 0 | E43: =E44+E45 -> 0
A44: Благодійні внески, гранти та дарунки | B44: 25020100 | C44: х
A45: =[2]Кош.101!A45 -> Надходження, що отримують бюджетні установи від підприємств, організацій, фізичних осіб та від інших бюджетних установ для виконання цільових заходів, у тому числі заходів з відчуження для суспільних потреб земельних ділянок та розміщених на них інших об'єктів нерухомого майна, що перебувають у приватній власності фізичних або юридичних осіб | B45: 25020200 | C45: х | D45: 0 | E45: 0
A46: =[2]Кош.101!A46 -> Надходження, що отримують державні і комунальні заклади професійної (професійно-технічної), фахової передвищої та вищої освіти від розміщення на депозитах тимчасово вільних бюджетних коштів, отриманих за надання платних послуг, якщо таким закладам законом надано відповідне право; надходження, що отримують державні і комунальні заклади фахової передвищої та вищої освіти, наукові установи та заклади культури як відсотки, нараховані на залишок коштів на поточних рахунках, відкритих у банках державного сектору для розміщення власних надходжень, отриманих як плата за послуги, що надаються ними згідно з основною діяльністю, благодійні внески та гранти | B46: 25020300 | C46: х
A47: інші надходження, у тому числі: | C47: х | D47: =D48 -> 0 | E47: =E48 -> 0
A48: інші доходи (розписати за кодами класифікації доходів бюджету) | C48: х
A49: фінансування (розписати за кодами класифікації фінансування бюджету за типом боргового зобов'язання) | C49: х
A50: Фінансування за активними операціями | B50: 600000 | C50: х | D50: =D51 -> 0 | E50: =E51 -> 0
A51: Кошти, що передаються із загального фонду бюджету до бюджету розвитку (спеціального фонду) | B51: 602400 | C51: х
A52: повернення кредитів до бюджету (розписати за кодами програмної класифікації видатків та кредитування бюджету, класифікації кредитування бюджету) | C52: х
C53: х | D53: ** | E53: **
A54: ВИДАТКИ ТА НАДАННЯ КРЕДИТІВ - усього | B54: х | C54: 21500282 | D54: =D55+D91 -> 51018 | E54: =SUM(C54:D54) -> 21551300
A55: Поточні видатки | B55: 2000 | C55: 21500282 | D55: =D58+D61+D62+D79+D82+D86+D90 -> 51018 | E55: =SUM(C55:D55) -> 21551300
A56: Оплата праці і нарахування на заробітну плату | B56: 2100 | C56: 17592395 | D56: =D57+D61 -> 0 | E56: =SUM(C56:D56) -> 17592395
A57: Оплата праці | B57: 2110 | C57: 14419996 | D57: =D58+D61 -> 0 | E57: =SUM(C57:D57) -> 14419996
A58: Заробітна плата | B58: 2111 | C58: 14419996 | D58: 0 | E58: =C58+D58 -> 14419996
A59: Грошове забезпечення військовослужбовців | B59: 2112 | C59: 0 | D59: 0 | E59: 0
A60: Суддівська винагорода | B60: 2113 | C60: 0 | D60: 0 | E60: 0
A61: Нарахування на оплату праці | B61: 2120 | C61: 3172399 | D61: 0 | E61: =C61+D61 -> 3172399
A62: Використання товарів і послуг | B62: 2200 | C62: 3907887 | D62: =D63+D64+D65+D66+D67+D68+D69+D78 -> 46518 | E62: =C62+D62 -> 3954405
A63: Предмети, матеріали, обладнання та інвентар | B63: 2210 | C63: 240251 | D63: 27564 | E63: =C63+D63 -> 267815
A64: Медикаменти та перев'язувальні матеріали | B64: 2220 | C64: 33661 | D64: 0 | E64: =C64+D64 -> 33661
A65: Продукти харчування | B65: 2230 | C65: 0 | D65: 0 | E65: =C65+D65 -> 0
A66: Оплата послуг (крім комунальних) | B66: 2240 | C66: 442303 | D66: 18954 | E66: =C66+D66 -> 461257
A67: Видатки на відрядження | B67: 2250 | C67: 8432 | D67: 0 | E67: =C67+D67 -> 8432
A68: Видатки та заходи спеціального призначення | B68: 2260 | C68: 0 | D68: 0 | E68: =C68+D68 -> 0
A69: Оплата комунальних послуг та енергоносіїв | B69: 2270 | C69: 3183240 | D69: =D70+D71+D72+D73+D74 -> 0 | E69: =E70+E71+E72+E73+E74 -> 3183240
A70: Оплата теплопостачання | B70: 2271 | C70: 3005975 | E70: =C70+D70 -> 3005975
A71: Оплата водопостачання та водовідведення | B71: 2272 | C71: 25832 | E71: =C71+D71 -> 25832
A72: Оплата електроенергії | B72: 2273 | C72: 112625 | E72: =C72+D72 -> 112625
A73: Оплата природного газу | B73: 2274 | C73: 0 | E73: =C73+D73 -> 0
A74: Оплата інших енергоносіїв та інших комунальних послуг | B74: 2275 | C74: 38808 | E74: =C74+D74 -> 38808
A75: Оплата енергосервісу | B75: 2276 | C75: 0
A76: Дослідження і розробки, окремі заходи по реалізації державних (регіональних) програм | B76: 2280 | C76: 0 | D76: =D77+D78 -> 0 | E76: =E77+E78 -> 0
A77: Дослідження і розробки, окремі заходи розвитку по реалізації державних (регіональних) програм | B77: 2281 | C77: 0
A78: Окремі заходи по реалізації державних (регіональних) програм, не віднесені до заходів розвитку | B78: 2282 | C78: 0 | D78: 0 | E78: =E79+E80 -> 0
A79: Обслуговування боргових зобов'язань | B79: 2400 | C79: 0 | D79: =D80+D81 -> 0 | E79: =E80+E81 -> 0
A80: Обслуговування внутрішніх боргових зобов'язань | B80: 2410
A81: Обслуговування зовнішніх боргових зобов'язань | B81: 2420
A82: Поточні трансферти | B82: 2600 | C82: 0 | D82: =D83+D84+D85 -> 0 | E82: =E83+E84+E85 -> 0
A83: Субсидії та поточні трансферти підприємствам (установам, організаціям) | B83: 2610
A84: Поточні трансферти органам державного управління інших рівнів | B84: 2620
A85: Поточні трансферти урядам іноземних держав та міжнародним організаціям | B85: 2630
A86: Соціальне забезпечення | B86: 2700 | C86: 0 | D86: =D87+D88+D89 -> 0 | E86: =E87+E88+E89 -> 0
A87: Виплата пенсій і допомоги | B87: 2710
A88: Стипендії | B88: 2720
A89: Інші виплати населенню | B89: 2730
A90: Інші поточні видатки | B90: 2800 | C90: 0 | D90: 4500 | E90: =C90+D90 -> 4500
A91: Капітальні видатки | B91: 3000 | C91: 0 | D91: =D92+D106 -> 0 | E91: =C91+D91 -> 0
A92: Придбання основного капіталу | B92: 3100 | C92: 0 | D92: =D93+D94+D97+D100+D104+D105 -> 0 | E92: =C92+D92 -> 0
A93: Придбання обладнання і предметів довгострокового користування | B93: 3110 | C93: 0 | D93: 0 | E93: =C93+D93 -> 0
A94: Капітальне будівництво (придбання) | B94: 3120
A95: Капітальне будівництво (придбання) житла | B95: 3121
A96: Капітальне будівництво (придбання) інших об'єктів | B96: 3122
A97: Капітальний ремонт | B97: 3130
A98: Капітальний ремонт житлового фонду (приміщень) | B98: 3131
A99: Капітальний ремонт інших об'єктів | B99: 3132
A100: Реконструкція та реставрація | B100: 3140
A101: Реконструкція житлового фонду (приміщень) | B101: 3141
A102: Реконструкція та реставрація інших об'єктів | B102: 3142
A103: Реставрація пам'яток культури, історії та архітектури | B103: 3143
A104: Створення державних запасів і резервів | B104: 3150
...

Sheet 7520-22
C1: ЗАТВЕРДЖЕНО
C2: Наказ Міністерства фінансів України
C3: від 28.01.2002 N 57
C4: (у редакції наказу Міністерства фінансів України
C5: від 04.12.2015 №1118)
C7: Затверджений у сумі | E7: =E35 -> 1581849
C8: Один мільйон п'ятсот вісімдесят одна тисяча вісімсот сорок дев'ять гривень, 00 коп.
C10: (сума словами і цифрами)
C11: Директор департаменту освіти і науки
C12: виконкому Криворізької міської ради
C13: (посада)
E14: Тетяна КРІПАК
C15: підпис
C16: 04 січня 2022 р.
E17: М.П.
A19: КОШТОРИС
A20: на 2022 рік
A22: 02124781 Відділ освіти виконкому Саксаганської районної у місті ради
A23: (код за ЄДРПОУ та найменування бюджетної установи)
A24: м. Кривий Ріг Дніпропетровської області
A25: (найменування міста, району, області)
A26: Вид бюджету МІСЬКИЙ
A27: код та назва відомчої класифікації видатків та кредитування бюджету | B27: 06 | C27: "Орган з питань освіти і науки"
A28: код та назва програмної класифікації видатків та кредитування державного бюджету
A29: (код та назва програмної класифікації видатків та кредитування місцевих бюджетів (код та назва Типової програмної класифікації видатків та
A30: кредитування місцевих бюджетів)* | B30: 0617520 Реалізація Національної програми інформатизації)
E31: (грн)
A32: Найменування | C32: Усього на рік | E32: РАЗОМ
B33: Код | C33: Загальний фонд | D33: Спеціальний фонд
A34: 1 | B34: 2 | C34: 3 | D34: 4 | E34: 5
A35: НАДХОДЖЕННЯ - усього | B35: х | C35: =C36 -> 888999 | D35: =D38+D43+D47+D51 -> 692850 | E35: =C35+D35 -> 1581849
A36: Надходження коштів із загального фонду бюджету | B36: х | C36: =C54 -> 888999 | D36: х | E36: =C36 -> 888999
A37: Надходження коштів із спеціального фонду бюджету, у тому числі: | B37: х | C37: х | D37: =D38+D43+D49 -> 0 | E37: =E38+E43+E49 -> 0
A38: надходження від плати за послуги, що надаються бюджетними установами згідно із законодавством | B38: 25010000 | C38: х | D38: =D39+D40+D41+D42 -> 0 | E38: =E39+E40+E41+E42 -> 0
A39: Плата за послуги, що надаються бюджетними установами згідно з їх основною діяльністю | B39: 25010100 | C39: х | E39: =D39 -> 0
A40: Надходження бюджетних установ від додаткової (господарської) діяльності | B40: 25010200 | C40: х | E40: =D40 -> 0
A41: =[2]Кош.101!A41 -> Плата за оренду майна бюджетних установ, що здійснюється відповідно до Закону України " Про оренду державного та комунального майна" | B41: 25010300 | C41: х | E41: =D41 -> 0
A42: Надходження бюджетних установ від реалізації в установленому порядку майна (крім нерухомого майна) | B42: 25010400 | C42: х | E42: =D42 -> 0
A43: інші джерела власних надходжень бюджетних установ | B43: 25020000 | C43: х | D43: =D44+D45 -> 0 | E43: =E44+E45 -> 0
A44: Благодійні внески, гранти та дарунки | B44: 25020100 | C44: х | D44: 0 | E44: =E45+E47 -> 0
A45: =[2]Кош.101!A45 -> Надходження, що отримують бюджетні установи від підприємств, організацій, фізичних осіб та від інших бюджетних установ для виконання цільових заходів, у тому числі заходів з відчуження для суспільних потреб земельних ділянок та розміщених на них інших об'єктів нерухомого майна, що перебувають у приватній власності фізичних або юридичних осіб | B45: 25020200 | C45: х | D45: 0 | E45: 0
A46: =[2]Кош.101!A46 -> Надходження, що отримують державні і комунальні заклади професійної (професійно-технічної), фахової передвищої та вищої освіти від розміщення на депозитах тимчасово вільних бюджетних коштів, отриманих за надання платних послуг, якщо таким закладам законом надано відповідне право; надходження, що отримують державні і комунальні заклади фахової передвищої та вищої освіти, наукові установи та заклади культури як відсотки, нараховані на залишок коштів на поточних рахунках, відкритих у банках державного сектору для розміщення власних надходжень, отриманих як плата за послуги, що надаються ними згідно з основною діяльністю, благодійні внески та гранти | B46: 25020300 | C46: х | D46: 0 | E46: 0
A47: інші надходження, у тому числі: | C47: х | D47: 0 | E47: 0
A48: інші доходи (розписати за кодами класифікації доходів бюджету) | C48: х | D48: 0 | E48: 0
A49: фінансування (розписати за кодами класифікації фінансування бюджету за типом боргового зобов'язання) | C49: х | D49: 0 | E49: 0
A50: Фінансування за активними операціями | B50: 600000 | C50: х | D50: =D51 -> 692850 | E50: =E51 -> 692850
A51: Кошти, що передаються із загального фонду бюджету до бюджету розвитку (спеціального фонду) | B51: 602400 | C51: х | D51: 692850 | E51: =D51 -> 692850
A52: повернення кредитів до бюджету (розписати за кодами програмної класифікації видатків та кредитування бюджету, класифікації кредитування бюджету) | C52: х
C53: х | D53: ** | E53: **
A54: ВИДАТКИ ТА НАДАННЯ КРЕДИТІВ - усього | B54: х | C54: =C55+C91 -> 888999 | D54: =D55+D91 -> 692850 | E54: =SUM(C54:D54) -> 1581849
A55: Поточні видатки | B55: 2000 | C55: =C58+C61+C62+C79+C82+C86+C90 -> 888999 | D55: =D58+D61+D62+D79+D82+D86+D90 -> 0 | E55: =SUM(C55:D55) -> 888999
A56: Оплата праці і нарахування на заробітну плату | B56: 2100 | C56: =C57+C61 -> 0 | D56: =D57+D61 -> 0 | E56: =SUM(C56:D56) -> 0
A57: Оплата праці | B57: 2110 | C57: =C58+C59 -> 0 | E57: =C57+D57 -> 0
A58: Заробітна плата | B58: 2111 | C58: 0 | E58: =C58+D58 -> 0
A59: Грошове забезпечення військовослужбовців | B59: 2112 | C59: 0 | E59: =C59+D59 -> 0
A60: Суддівська винагорода | B60: 2113 | C60: 0 | E60: 0
A61: Нарахування на оплату праці | B61: 2120 | C61: 0 | E61: =C61+D61 -> 0
A62: Використання товарів і послуг | B62: 2200 | C62: 888999 | D62: =D63+D64+D65+D66+D67+D68+D69+D76 -> 0 | E62: =E63+E64+E65+E66+E67+E68+E69+E76 -> 888999
A63: Предмети, матеріали, обладнання та інвентар | B63: 2210 | C63: 269471 | E63: =C63+D63 -> 269471
A64: Медикаменти та перев'язувальні матеріали | B64: 2220 | C64: 0 | D64: 0 | E64: =C64+D64 -> 0
A65: Продукти харчування | B65: 2230 | C65: 0 | E65: =C65+D65 -> 0
A66: Оплата послуг (крім комунальних) | B66: 2240 | C66: 619528 | D66: 0 | E66: =C66+D66 -> 619528
A67: Видатки на відрядження | B67: 2250 | C67: 0 | D67: 0 | E67: =C67+D67 -> 0
A68: Видатки та заходи спеціального призначення | B68: 2260 | C68: 0 | D68: 0 | E68: =C68+D68 -> 0
A69: Оплата комунальних послуг та енергоносіїв | B69: 2270 | C69: 0 | D69: =D70+D71+D72+D73+D74 -> 0 | E69: =C69+D69 -> 0
A70: Оплата теплопостачання | B70: 2271 | C70: 0 | E70: =C70+D70 -> 0
A71: Оплата водопостачання та водовідведення | B71: 2272 | C71: 0 | E71: =C71+D71 -> 0
A72: Оплата електроенергії | B72: 2273 | C72: =[2]Ас.7520!O49 -> 0 | E72: =C72+D72 -> 0
A73: Оплата природного газу | B73: 2274 | C73: =[2]Ас.7520!O50 -> 0 | E73: =C73+D73 -> 0
A74: Оплата інших енергоносіїв та інших комунальних послуг | B74: 2275 | C74: =[2]Ас.7520!O51 -> 0 | E74: =C74+D74 -> 0
A75: Оплата енергосервісу | B75: 2276 | C75: =[2]Ас.7520!O52 -> 0
A76: Дослідження і розробки, окремі заходи по реалізації державних (регіональних) програм | B76: 2280 | C76: =[2]Ас.7520!O53 -> 0 | D76: =D77+D78 -> 0 | E76: =E77+E78 -> 0
A77: Дослідження і розробки, окремі заходи розвитку по реалізації державних (регіональних) програм | B77: 2281 | C77: =[2]Ас.7520!O54 -> 0 | E77: =E78+E79 -> 0
A78: Окремі заходи по реалізації державних (регіональних) програм, не віднесені до заходів розвитку | B78: 2282 | C78: =[2]Ас.7520!O55 -> 0 | D78: 0 | E78: =E79+E80 -> 0
A79: Обслуговування боргових зобов'язань | B79: 2400 | C79: =[2]Ас.7520!O56 -> 0 | D79: =D80+D81 -> 0 | E79: =E80+E81 -> 0
A80: Обслуговування внутрішніх боргових зобов'язань | B80: 2410
A81: Обслуговування зовнішніх боргових зобов'язань | B81: 2420
A82: Поточні трансферти | B82: 2600 | C82: =C83+C84+C85 -> 0 | D82: =D83+D84+D85 -> 0 | E82: =E83+E84+E85 -> 0
A83: Субсидії та поточні трансферти підприємствам (установам, організаціям) | B83: 2610
A84: Поточні трансферти органам державного управління інших рівнів | B84: 2620
A85: Поточні трансферти урядам іноземних держав та міжнародним організаціям | B85: 2630
A86: Соціальне забезпечення | B86: 2700 | C86: =C87+C88+C89 -> 0 | D86: =D87+D88+D89 -> 0 | E86: =E87+E88+E89 -> 0
A87: Виплата пенсій і допомоги | B87: 2710
A88: Стипендії | B88: 2720
A89: Інші виплати населенню | B89: 2730
A90: Інші поточні видатки | B90: 2800 | C90: 0 | D90: 0 | E90: =C90+D90 -> 0
A91: Капітальні видатки | B91: 3000 | C91: =C92+C106 -> 0 | D91: =D92+D106 -> 692850 | E91: =E92+E106 -> 692850
A92: Придбання основного капіталу | B92: 3100 | C92: =C93+C94+C97+C100+C104+C105 -> 0 | D92: =D93 -> 692850 | E92: =E93+E94+E97+E100+E104+E105 -> 692850
A93: Придбання обладнання і предметів довгострокового користування | B93: 3110 | C93: 0 | D93: 692850 | E93: =C93+D93 -> 692850
A94: Капітальне будівництво (придбання) | B94: 3120 | C94: 0 | D94: 0 | E94: 0
A95: Капітальне будівництво (придбання) житла | B95: 3121
A96: Капітальне будівництво (придбання) інших об'єктів | B96: 3122
A97: Капітальний ремонт | B97: 3130 | C97: =C98+C99 -> 0 | D97: =D98+D99 -> 0 | E97: =E98+E99 -> 0
A98: Капітальний ремонт житлового фонду (приміщень) | B98: 3131
A99: Капітальний ремонт інших об'єктів | B99: 3132
A100: Реконструкція та реставрація | B100: 3140 | C100: 0 | D100: 0 | E100: 0
A101: Реконструкція житлового фонду (приміщень) | B101: 3141
A102: Реконструкція та реставрація інших об'єктів | B102: 3142
A103: Реставрація пам'яток культури, історії та архітектури | B103: 3143
A104: Створення державних запасів і резервів | B104: 3150 | C104: 0 | D104: 0 | E104: 0
...
